 Dungeon Crawl Stone Soup version 0.25-a0-87-ga3d287b (webtiles) character file.

Game seed: 15916271113438387753, levelgen mode: deterministic

110 BoppinsLewinski the Poker (level 4, 0/36 (37) HPs)
             Began as a Merfolk Fighter on Nov 11, 2019.
             Succumbed to poison (dark miasma)
             ... on level 2 of the Dungeon.
             The game lasted 00:03:10 (1848 turns).

BoppinsLewinski the Poker (Merfolk Fighter)         Turns: 1848, Time: 00:03:10

HP:   0/36 (37)     AC:  6    Str: 19    XL:     4   Next: 91%
MP:   4/4           EV: 10    Int:  7    God:
Gold: 163           SH:  0    Dex: 13    Spells: 3/3 levels left

rFire    . . .     SeeInvis .   a - +0 trident
rCold    . . .     Gourm    .   (no shield)
rNeg     . . .     Faith    .   b - +0 scale mail
rPois    .         Spirit   .   (helmet restricted)
rElec    .         Reflect  .   (no cloak)
rCorr    .         Harm     .   (no gloves)
MR       .....                  (no boots)
Stlth    ..........             (no amulet)
HPRegen  0.12/turn              (no ring)
MPRegen  0.09/turn              (no ring)

@: lethally poisoned (0 -> -9)
A: change form in water, swift swim, stealthy swim, horns 1, blink, strong 1
a: Blink


You were on level 2 of the Dungeon.
You were not hungry.

You visited 1 branch of the dungeon, and saw 2 of its levels.

You collected 163 gold pieces.

Inventory:

Hand Weapons
 a - a +0 trident (weapon)
Armour
 b - a +0 scale mail (worn)
Jewellery
 m - a +5 ring of slaying {unknown}
Scrolls
 e - 5 scrolls of identify {unknown}
 g - 2 scrolls of teleportation {unknown}
 k - a scroll of fog {unknown}
 n - a scroll of enchant armour {unknown}
Potions
 d - a potion of might
Comestibles
 f - 5 rations
 o - a chunk of flesh


   Skills:
 + Level 4.0 Fighting
 * Level 5.0 Polearms
 + Level 2.6 Armour
 + Level 2.2 Dodging
   Level 3.0 Shields


You had 3 spell levels left.
You didn't know any spells.
Your spell library was empty.

Dungeon Overview and Level Annotations

Branches:
Dungeon (2/15)

Altars:
Dithmenos
Trog
Yredelemnul
The Shining One


Innate Abilities, Weirdness & Mutations

You revert to your normal form in water.
You are very nimble and swift while swimming.
You are very stealthy in the water. (Stealth+)
You have a pair of small horns on your head.
You can translocate small distances at will.
Your muscles are strong. (Str +2)


Message History

Thar be a lethal amount o' poison in yer body!
* * * LOW HITPOINT WARNIN'
* * * Ye feel sick.
* * * LOW HITPOINT WARNIN'
* * * Ye feel sick.
* * * LOW HITPOINT WARNIN'
* * * Ye feel sick.
* * * LOW HITPOINT WARNIN'
* * * Ye feel sick.
* * * LOW HITPOINT WARNIN'
* * * Ye feel sick.
* * * LOW HITPOINT WARNIN'
* * * Ye feel sick.
* * * LOW HITPOINT WARNIN'
* * * Ye feel sick.
* * * LOW HITPOINT WARNIN'
* * * Ye feel sick.
* * * LOW HITPOINT WARNIN'
* * * Ye feel sick.
Ye die...

...........# #.'.†.........#
...........# #.#...........#
...........#####.#############
...................##
..####+#.#########..# .. ###
##)## ..
##########...##########
###°.°.°.#...#.§.§.§###
#A#._...@'...'...._.#A#
###°.°.°.#...#.§.§.§###
##########...##########
##.###### #......# #.####.# .
#.# #.# ....#######.# #.#
>...........# #.#


You could see a profane servitor.

Vanquished Creatures
  Natasha (twice) (D:2)
  2 adders (D:2)
  An ooze (D:2)
  A worm (D:2)
  2 leopard geckos
  4 bats
  A giant cockroach (D:1)
  2 hobgoblins (D:2)
  3 jackals (D:2)
  6 kobolds
  2 quokkas (D:2)
  2 frilled lizards (D:2)
  3 goblins
31 creatures vanquished.

Notes
Turn   | Place    | Note
-------+----------+-------------------------------------------
     0 | D:1      | BoppinsLewinski the Merfolk Fighter began the quest for the
                  | Orb.
     0 | D:1      | Reached XP level 1. HP: 18/18 MP: 1/1
    40 | D:1      | You fall into a shaft and drop 1 floor!
   331 | D:1      | Reached XP level 2. HP: 24/24 MP: 2/2
   678 | D:2      | Reached skill level 1 in Dodging
   733 | D:2      | Reached XP level 3. HP: 21/29 MP: 3/3
   925 | D:2      | Reached skill level 4 in Polearms
  1191 | D:2      | Noticed Natasha
  1202 | D:2      | Killed Natasha
  1202 | D:2      | Reached XP level 4. HP: 33/37 MP: 4/4
  1327 | D:2      | Noticed Natasha
  1336 | D:2      | Killed Natasha
  1523 | D:2      | Found a glowing golden altar of the Shining One.
  1525 | D:2      | Noticed an angel
  1549 | D:2      | Found a shadowy altar of Dithmenos.
  1549 | D:2      | Found a bloodstained altar of Trog.
  1622 | D:2      | Found a basalt altar of Yredelemnul.
  1624 | D:2      | Noticed a profane servitor
  1656 | D:2      | Reached skill level 5 in Polearms
  1835 | D:2      | Gained mutation: You have a pair of small horns on your
                  | head. [potion of mutation]
  1835 | D:2      | Gained mutation: You can translocate small distances at
                  | will. [potion of mutation]
  1835 | D:2      | Gained mutation: Your muscles are strong. (Str +2) [potion
                  | of mutation]
  1846 | D:2      | HP: 1/36 [poison (dark miasma)]
  1848 | D:2      | Succumbed to poison (dark miasma)

Levels and vault maps discovered:
D:1:      nicolae_arrival_washed_ashore, layout_loops_ring, minmay_pentomino_v2
D:2:      layout_basic, grunt_temple_overflow_holy_war,
          gammafunk_temple_overflow_elements, kennysheep_small_spiral,
          uniq_natasha

Skill      XL: |  1  2  3  4 |
---------------+-------------+-----
Dodging        | 1 2 |  2.2
Polearms       | 4 5 |  5.0
Fighting       | 4 |  4.0
Armour         | |  2.6
Shields        | |  3.0

Action                   |  1- 3 |  4- 6 || total
-------------------------+-------+-------++-------
Melee: Trident           |    92 |    52 ||   144
  Use: Potion            |       |     5 ||     5
  Eat: Chunk             |     1 |     2 ||     3
Armor: Scale mail        |    32 |    13 ||    45
Dodge: Dodged            |    43 |    21 ||    64

Table legend:
 A = Non-vault XP
 B = Vault XP
 C = Vault XP percentage of total XP
 D = Non-vault monster count
 E = Vault monster count
 F = Vault count percentage of total count
                 A         B        C        D         E       F
            +---------+---------+-------+---------+---------+-------
      Total |     121 |      37 |  23.4 |      30 |       1 |   3.2
            +---------+---------+-------+---------+---------+-------
        D:1 |      14 |       0 |   0.0 |       7 |       0 |   0.0
        D:2 |     107 |      37 |  25.7 |      23 |       1 |   4.2
            +---------+---------+-------+---------+---------+-------
